General information
- name: BNet
- type: Ladder team game (AT/RT)
- host: Battle.net
- saver: Kvelertak
map: MarketSquare
- players: 8
- length: 51:47
- speed: Fast
- version: 1.26 W3XP
- replay type: Public
» download(317 KB)
Players
team 1 (loser)
Lane06 (
purple | 37 APM | 1883 actions | 50:24)
5 Dark Ranger
3 Black Arrow
2 Silence
3 Firelord
1 Soul Burn
2 Incinerate
3 Shadow Hunter
2 Healing Wave
1 Hex
» actions
| Assign group hotkey | 4 | |
| Basic commands | 4 | |
| Build / train | 95 | |
| ESC pressed | 4 | |
| Enter build submenu | 40 | |
| Enter hero's abilities submenu | 11 | |
| Give item / drop item | 2 | |
| Remove unit from queue | 1 | |
| Right click | 968 | |
| Select / deselect | 645 | |
| Select group hotkey | 7 | |
| Use ability | 102 | |
1883 total
» units
| Peon | 28 | |
| Grunt | 6 | |
| Troll Headhunter/Berserker | 21 | |
| Shaman | 3 | |
| Spirit Walker | 2 | |
| Tauren | 2 | |
62 total
» upgrades
| Melee Weapons | 1 | |
| Armor | 1 | |
| Shaman Training | 2 | |
| Spirit Walker Training | 2 | |
| Berserker Upgrade | 1 | |
| Reinforced Defenses | 1 | |
| Ranged Weapons | 3 | |
11 total
» buildings
| War Mill | 3 | |
| Barracks | 3 | |
| Orc Burrow | 15 | |
| Altar of Storms | 2 | |
| Voodoo Lounge | 1 | |
| Stronghold | 2 | |
| Great Hall | 2 | |
| Fortress | 1 | |
| Spirit Lodge | 2 | |
| Tauren Totem | 2 | |
| Necropolis | 1 | |
| Watch Tower | 4 | |
| Altar of Darkness | 1 | |
| Ziggurat | 1 | |
40 total
» build order
00:29 War Mill
00:53 Barracks
01:07 Orc Burrow
01:44 Altar of Storms
01:51 Orc Burrow
02:46 Orc Burrow
02:51 Voodoo Lounge
04:41 Stronghold
04:49 Orc Burrow
06:33 Great Hall
07:25 Fortress
07:30 Spirit Lodge
07:32 Spirit Lodge
10:12 Tauren Totem
10:17 Tauren Totem
10:57 War Mill
13:15 Orc Burrow
13:17 Orc Burrow
14:56 Orc Burrow
14:57 Orc Burrow
17:25 Orc Burrow
21:06 Orc Burrow
25:37 Orc Burrow
25:40 Orc Burrow
30:16 Great Hall
34:15 Orc Burrow
34:19 Altar of Storms
35:00 Orc Burrow
35:32 Orc Burrow
35:39 War Mill
35:56 Necropolis
36:45 Barracks
37:01 Barracks
37:30 Watch Tower
37:32 Watch Tower
37:34 Watch Tower
37:48 Altar of Darkness
37:51 Ziggurat
39:31 Stronghold
39:38 Watch Tower
» items
Kvelertak (
blue | 91 APM | 4729 actions | 51:47)
10 Archmage
3 Summon Water Elemental
3 Brilliance Aura
1 Mass Teleport
3 Blizzard
» actions
| Assign group hotkey | 171 | |
| Basic commands | 347 | |
| Build / train | 183 | |
| ESC pressed | 10 | |
| Enter build submenu | 64 | |
| Enter hero's abilities submenu | 10 | |
| Give item / drop item | 13 | |
| Right click | 1883 | |
| Select / deselect | 514 | |
| Select group hotkey | 1122 | |
| Use ability | 412 | |
4729 total
» units
| Peasant | 25 | |
| Footman | 15 | |
| Dragonhawk Rider | 6 | |
| Gryphon Rider | 3 | |
49 total
» upgrades
| Masonry | 3 | |
| Storm Hammers | 1 | |
| Cloud | 1 | |
| Lumber Harvesting | 2 | |
| Swords | 3 | |
| Armor | 3 | |
| Animal War Training | 1 | |
| Backpack | 1 | |
| Gunpowder | 1 | |
| Plating | 1 | |
| Defend | 1 | |
18 total
» buildings
| Altar of Kings | 1 | |
| Barracks | 1 | |
| Farm | 8 | |
| Arcane Vault | 1 | |
| Lumber Mill | 2 | |
| Keep | 2 | |
| Town Hall | 6 | |
| Scout Tower | 35 | |
| Castle | 2 | |
| Guard Tower | 43 | |
| Arcane Tower | 12 | |
| Gryphon Aviary | 4 | |
| Blacksmith | 3 | |
120 total
» build order
00:57 Altar of Kings
01:00 Barracks
01:01 Farm
01:06 Farm
01:43 Farm
02:14 Farm
02:19 Arcane Vault
02:24 Lumber Mill
04:07 Keep
04:07 Keep
04:48 Town Hall
05:59 Scout Tower
06:01 Scout Tower
06:02 Scout Tower
06:08 Scout Tower
06:08 Scout Tower
06:30 Castle
06:30 Castle
06:32 Guard Tower
06:33 Guard Tower
06:33 Guard Tower
06:49 Guard Tower
06:56 Guard Tower
07:04 Guard Tower
07:05 Guard Tower
08:26 Scout Tower
08:31 Scout Tower
08:56 Arcane Tower
08:56 Arcane Tower
08:56 Arcane Tower
08:57 Arcane Tower
09:00 Arcane Tower
09:00 Arcane Tower
09:00 Arcane Tower
09:00 Arcane Tower
09:05 Gryphon Aviary
09:07 Gryphon Aviary
09:08 Gryphon Aviary
09:18 Scout Tower
09:19 Scout Tower
09:22 Scout Tower
09:23 Scout Tower
10:00 Guard Tower
10:01 Guard Tower
10:01 Guard Tower
10:38 Gryphon Aviary
10:44 Blacksmith
10:46 Blacksmith
12:05 Farm
12:12 Farm
12:51 Farm
14:20 Scout Tower
14:21 Scout Tower
14:22 Scout Tower
15:13 Guard Tower
15:13 Guard Tower
15:14 Guard Tower
15:14 Guard Tower
17:28 Scout Tower
17:30 Scout Tower
17:30 Scout Tower
17:32 Scout Tower
17:33 Scout Tower
17:34 Scout Tower
17:42 Town Hall
17:44 Scout Tower
17:45 Scout Tower
17:46 Scout Tower
17:48 Scout Tower
18:05 Guard Tower
18:33 Guard Tower
18:33 Guard Tower
18:34 Guard Tower
18:34 Guard Tower
19:10 Scout Tower
19:11 Scout Tower
19:12 Scout Tower
19:14 Scout Tower
19:15 Scout Tower
19:25 Scout Tower
19:26 Scout Tower
19:28 Scout Tower
19:29 Scout Tower
19:30 Scout Tower
19:33 Scout Tower
19:51 Guard Tower
19:57 Guard Tower
19:57 Guard Tower
19:57 Guard Tower
20:11 Guard Tower
20:11 Guard Tower
20:24 Guard Tower
20:25 Guard Tower
22:32 Guard Tower
22:32 Guard Tower
22:32 Guard Tower
22:32 Guard Tower
22:54 Guard Tower
32:50 Town Hall
35:47 Town Hall
42:08 Town Hall
42:22 Town Hall
44:56 Farm
45:01 Blacksmith
45:27 Lumber Mill
» items
| Scroll of Regeneration | 7 | |
| Staff of Teleportation | 1 | |
| Scroll of Town Portal | 5 | |
| Staff of Sanctuary | 1 | |
| Mechanical Critter | 3 | |
| Potion of Healing | 1 | |
18 total
ARON-HERNANZLOL (
red | 59 APM | 3041 actions | 51:45)
9 Paladin
3 Holy Light
3 Divine Shield
1 Resurrection
2 Devotion Aura
» actions
| Assign group hotkey | 83 | |
| Basic commands | 126 | |
| Build / train | 110 | |
| Enter build submenu | 40 | |
| Enter hero's abilities submenu | 9 | |
| Give item / drop item | 5 | |
| Right click | 1213 | |
| Select / deselect | 406 | |
| Select group hotkey | 858 | |
| Use ability | 191 | |
3041 total
» units
| Peasant | 20 | |
| Footman | 5 | |
| Mortar Team | 8 | |
| Sorceress | 6 | |
| Siege Engine | 5 | |
| Flying Machine | 3 | |
47 total
» upgrades
| Masonry | 3 | |
| Lumber Harvesting | 2 | |
| Gunpowder | 3 | |
| Sorceress Training | 2 | |
| Flare | 1 | |
| Fragmentation Shards | 1 | |
| Barrage | 1 | |
| Plating | 1 | |
| Flying Machine Bombs | 1 | |
| Flak Cannons | 1 | |
16 total
» buildings
| Altar of Kings | 1 | |
| Barracks | 1 | |
| Farm | 14 | |
| Scout Tower | 33 | |
| Lumber Mill | 4 | |
| Arcane Tower | 2 | |
| Guard Tower | 10 | |
| Arcane Vault | 1 | |
| Keep | 2 | |
| Town Hall | 2 | |
| Blacksmith | 2 | |
| Castle | 1 | |
| Arcane Sanctum | 1 | |
| Workshop | 3 | |
| Cannon Tower | 3 | |
80 total
» build order
00:17 Altar of Kings
00:23 Barracks
00:38 Farm
00:54 Farm
01:39 Farm
01:48 Scout Tower
02:05 Lumber Mill
02:17 Arcane Tower
02:27 Scout Tower
02:27 Scout Tower
02:59 Guard Tower
03:00 Guard Tower
03:14 Arcane Vault
03:41 Farm
03:44 Arcane Tower
04:45 Farm
05:25 Keep
05:25 Keep
06:00 Lumber Mill
06:12 Lumber Mill
06:21 Town Hall
06:23 Scout Tower
06:25 Scout Tower
06:25 Scout Tower
06:47 Farm
06:50 Scout Tower
06:51 Scout Tower
06:56 Guard Tower
07:10 Lumber Mill
07:28 Guard Tower
08:26 Scout Tower
08:27 Scout Tower
08:27 Scout Tower
08:27 Scout Tower
08:48 Guard Tower
08:53 Scout Tower
08:53 Scout Tower
08:54 Scout Tower
08:55 Scout Tower
08:58 Scout Tower
08:59 Scout Tower
09:00 Scout Tower
09:14 Guard Tower
09:35 Guard Tower
10:28 Guard Tower
10:45 Blacksmith
11:30 Castle
11:35 Arcane Sanctum
12:05 Workshop
12:10 Blacksmith
12:11 Workshop
13:41 Scout Tower
13:51 Farm
13:54 Farm
14:42 Guard Tower
14:57 Farm
14:57 Farm
22:36 Farm
22:36 Farm
22:37 Farm
22:37 Farm
22:41 Workshop
30:59 Town Hall
32:29 Scout Tower
32:30 Scout Tower
32:30 Scout Tower
33:06 Guard Tower
33:09 Cannon Tower
36:58 Scout Tower
36:59 Scout Tower
37:00 Scout Tower
37:00 Scout Tower
37:05 Scout Tower
37:35 Cannon Tower
37:41 Scout Tower
37:41 Scout Tower
38:36 Cannon Tower
» items
| Scroll of Regeneration | 4 | |
| Potion of Invisibility | 1 | |
| Potion of Lesser Invulnerability | 1 | |
| Boots of Speed | 1 | |
| Staff of Teleportation | 1 | |
| Scroll of Town Portal | 3 | |
| Potion of Mana | 4 | |
| Lesser Clarity Potion | 1 | |
| Orb of Fire | 1 | |
17 total
fireatme (
pink | 57 APM | 1958 actions | 34:26)
5 Lich
3 Frost Nova
2 Frost Armor
» actions
| Assign group hotkey | 16 | |
| Basic commands | 13 | |
| Build / train | 67 | |
| Enter build submenu | 22 | |
| Enter hero's abilities submenu | 5 | |
| Remove unit from queue | 11 | |
| Right click | 1240 | |
| Select / deselect | 302 | |
| Select group hotkey | 240 | |
| Use ability | 42 | |
1958 total
» units
| Acolyte | 4 | |
| Ghoul | 3 | |
| Crypt Fiend | 8 | |
| Abomination | 1 | |
| Frost Wyrm | 12 | |
| Meatwagon | 6 | |
34 total
» upgrades
| Cannibalize | 0 | |
| Creature Carapace | 1 | |
| Web | 1 | |
| Burrow | 1 | |
| Creature Attack | 2 | |
| Unholy Armor | 1 | |
| Freezing Breath | 1 | |
| Unholy Strength | 1 | |
8 total
» buildings
| Crypt | 1 | |
| Graveyard | 1 | |
| Ziggurat | 8 | |
| Altar of Darkness | 1 | |
| Tomb of Relics | 1 | |
| Halls of the Dead | 1 | |
| Sacrificial Pit | 1 | |
| Black Citadel | 1 | |
| Slaughterhouse | 3 | |
| Boneyard | 2 | |
| Spirit Tower | 2 | |
22 total
» build order
00:16 Crypt
00:22 Graveyard
00:58 Ziggurat
01:10 Altar of Darkness
01:47 Tomb of Relics
02:00 Ziggurat
02:59 Ziggurat
05:43 Halls of the Dead
07:17 Ziggurat
09:14 Sacrificial Pit
09:16 Black Citadel
09:24 Slaughterhouse
09:32 Ziggurat
11:41 Boneyard
11:58 Boneyard
15:43 Ziggurat
15:48 Ziggurat
15:51 Ziggurat
16:50 Spirit Tower
23:41 Spirit Tower
31:08 Slaughterhouse
31:11 Slaughterhouse
» items
| Rod of Necromancy | 1 | |
| Boots of Speed | 1 | |
| Orb of Corruption | 1 | |
| Scroll of Town Portal | 1 | |
| Potion of Mana | 1 | |
5 total
team 2 (winner)
undersold (
orange | 66 APM | 2214 actions | 33:22)
5 Demon Hunter
1 Immolation
3 Mana Burn
1 Evasion
4 Keeper of the Grove
2 Entangling Roots
2 Thorns Aura
» actions
| Assign group hotkey | 153 | |
| Basic commands | 185 | |
| Build / train | 54 | |
| Enter build submenu | 21 | |
| Enter hero's abilities submenu | 9 | |
| Give item / drop item | 1 | |
| Remove unit from queue | 1 | |
| Right click | 737 | |
| Select / deselect | 434 | |
| Select group hotkey | 546 | |
| Use ability | 73 | |
2214 total
» units
| Wisp | 15 | |
| Archer | 8 | |
| Hippogryph | 3 | |
| Chimaera | 6 | |
| Forest Troll High Priest | 1 | |
33 total
» upgrades
| Strength of the Wild | 3 | |
| Reinforced Hides | 2 | |
| Corrosive Breath | 1 | |
6 total
» buildings
| Altar of Elders | 2 | |
| Moon Well | 10 | |
| Ancient of War | 1 | |
| Ancient of Wonders | 1 | |
| Hunter's Hall | 1 | |
| Tree of Ages | 1 | |
| Ancient Protector | 1 | |
| Tree of Eternity | 1 | |
| Ancient of Wind | 1 | |
| Chimaera Roost | 2 | |
| Tree of Life | 2 | |
23 total
» build order
00:13 Altar of Elders
00:17 Moon Well
01:02 Ancient of War
01:46 Moon Well
02:00 Ancient of Wonders
02:28 Hunter's Hall
02:45 Moon Well
03:59 Tree of Ages
04:03 Ancient Protector
05:31 Moon Well
05:33 Moon Well
06:23 Tree of Eternity
06:25 Ancient of Wind
08:45 Chimaera Roost
08:49 Chimaera Roost
10:42 Moon Well
10:42 Moon Well
18:54 Altar of Elders
18:57 Moon Well
18:57 Moon Well
23:21 Tree of Life
25:09 Tree of Life
32:19 Moon Well
» items
| Scroll of Town Portal | 1 | |
| Staff of Preservation | 1 | |
2 total

»
toncolon (
yellow | 38 APM | 1944 actions | 51:47)
5 Priestess of the Moon
3 Trueshot Aura
2 Searing Arrows
4 Goblin Alchemist
2 Healing Spray
2 Chemical Rage
2 Dark Ranger
1 Black Arrow
1 Life Drain
» actions
| Assign group hotkey | 32 | |
| Build / train | 89 | |
| ESC pressed | 5 | |
| Enter build submenu | 36 | |
| Enter hero's abilities submenu | 11 | |
| Right click | 613 | |
| Select / deselect | 551 | |
| Select group hotkey | 503 | |
| Use ability | 101 | |
1944 total
» units
| Wisp | 30 | |
| Archer | 8 | |
| Dryad | 14 | |
| Druid of the Claw | 4 | |
56 total
» upgrades
| Strength of the Wild | 2 | |
| Reinforced Hides | 3 | |
| Abolish Magic | 1 | |
| Druid of the Claw Training | 1 | |
7 total
» buildings
| Ancient of War | 2 | |
| Moon Well | 10 | |
| Altar of Elders | 3 | |
| Tree of Life | 5 | |
| Hunter's Hall | 2 | |
| Tree of Ages | 2 | |
| Ancient Protector | 6 | |
| Ancient of Lore | 4 | |
| Ancient of Wonders | 1 | |
| Tree of Eternity | 1 | |
36 total
» build order
00:14 Ancient of War
00:22 Ancient of War
00:41 Moon Well
01:22 Altar of Elders
02:15 Moon Well
04:12 Moon Well
05:04 Tree of Life
05:49 Hunter's Hall
06:57 Tree of Ages
08:34 Ancient Protector
08:36 Ancient Protector
08:37 Ancient Protector
08:39 Ancient Protector
08:41 Ancient Protector
09:07 Ancient Protector
09:31 Ancient of Lore
09:41 Ancient of Lore
09:53 Ancient of Lore
10:13 Ancient of Wonders
11:04 Ancient of Lore
11:11 Moon Well
14:17 Tree of Eternity
14:58 Moon Well
15:00 Moon Well
15:23 Moon Well
15:24 Moon Well
22:07 Hunter's Hall
25:11 Tree of Life
25:34 Tree of Life
26:03 Moon Well
27:31 Tree of Ages
30:58 Tree of Life
34:29 Tree of Life
36:22 Altar of Elders
37:27 Moon Well
39:38 Altar of Elders
» items
| Orb of Venom | 1 | |
| Scroll of Town Portal | 1 | |
2 total
GingerBreadMan (
green | 40 APM | 2088 actions | 51:47)
9 Archmage
3 Summon Water Elemental
3 Brilliance Aura
1 Mass Teleport
2 Blizzard
» actions
| Assign group hotkey | 52 | |
| Basic commands | 123 | |
| Build / train | 90 | |
| Enter build submenu | 52 | |
| Enter hero's abilities submenu | 9 | |
| Give item / drop item | 22 | |
| Remove unit from queue | 1 | |
| Right click | 945 | |
| Select / deselect | 437 | |
| Select group hotkey | 209 | |
| Use ability | 147 | |
2088 total
» units
| Peasant | 17 | |
| Footman | 4 | |
| Gryphon Rider | 12 | |
33 total
» upgrades
| Lumber Harvesting | 2 | |
| Masonry | 3 | |
| Swords | 3 | |
| Armor | 3 | |
| Animal War Training | 1 | |
| Magic Sentry | 1 | |
| Storm Hammers | 1 | |
| Cloud | 1 | |
15 total
» buildings
| Altar of Kings | 1 | |
| Barracks | 1 | |
| Farm | 8 | |
| Keep | 1 | |
| Lumber Mill | 1 | |
| Town Hall | 2 | |
| Scout Tower | 27 | |
| Arcane Vault | 4 | |
| Guard Tower | 5 | |
| Castle | 1 | |
| Gryphon Aviary | 7 | |
| Blacksmith | 2 | |
| Arcane Tower | 2 | |
| Arcane Sanctum | 1 | |
63 total
» build order
00:56 Altar of Kings
00:58 Barracks
01:00 Farm
01:01 Farm
01:07 Farm
01:54 Farm
03:18 Keep
03:50 Lumber Mill
04:06 Town Hall
04:10 Scout Tower
04:13 Scout Tower
04:15 Scout Tower
04:17 Scout Tower
05:09 Arcane Vault
05:22 Guard Tower
06:29 Castle
07:24 Gryphon Aviary
07:24 Gryphon Aviary
07:25 Gryphon Aviary
07:42 Guard Tower
08:30 Gryphon Aviary
09:09 Blacksmith
09:14 Blacksmith
09:54 Farm
12:18 Scout Tower
12:19 Scout Tower
12:20 Scout Tower
12:23 Scout Tower
12:28 Scout Tower
12:29 Scout Tower
12:30 Scout Tower
12:31 Scout Tower
12:31 Scout Tower
13:00 Arcane Tower
13:05 Arcane Sanctum
14:46 Guard Tower
16:04 Scout Tower
16:04 Scout Tower
16:05 Scout Tower
16:05 Scout Tower
16:08 Scout Tower
16:15 Scout Tower
16:15 Scout Tower
16:16 Scout Tower
17:28 Guard Tower
17:46 Town Hall
17:51 Scout Tower
17:51 Scout Tower
17:54 Scout Tower
17:57 Scout Tower
18:02 Scout Tower
18:05 Scout Tower
18:31 Guard Tower
18:39 Farm
18:40 Farm
18:42 Farm
20:06 Arcane Tower
21:29 Arcane Vault
21:35 Arcane Vault
21:37 Arcane Vault
32:57 Gryphon Aviary
32:59 Gryphon Aviary
33:04 Gryphon Aviary
» items
| Staff of Teleportation | 1 | |
| Scroll of Regeneration | 9 | |
| Scroll of Town Portal | 5 | |
| Periapt of Vitality | 3 | |
| Mechanical Critter | 4 | |
22 total
redarrows (
teal | 22 APM | 757 actions | 33:47)
6 Blademaster
3 Wind Walk
1 Mirror Image
1 Critical Strike
1 Bladestorm
» actions
| Build / train | 62 | |
| Enter build submenu | 18 | |
| Enter hero's abilities submenu | 6 | |
| Remove unit from queue | 7 | |
| Right click | 320 | |
| Select / deselect | 307 | |
| Use ability | 37 | |
757 total
» units
| Peon | 10 | |
| Wind Rider | 22 | |
| Shaman | 8 | |
40 total
» upgrades
| Ranged Weapons | 2 | |
| Shaman Training | 2 | |
| Envenomed Spears | 1 | |
| Armor | 1 | |
| Melee Weapons | 1 | |
7 total
» buildings
| Altar of Storms | 1 | |
| Orc Burrow | 13 | |
| Stronghold | 1 | |
| War Mill | 1 | |
| Beastiary | 2 | |
| Spirit Lodge | 2 | |
| Great Hall | 2 | |
| Fortress | 1 | |
23 total
» build order
01:09 Altar of Storms
01:29 Orc Burrow
02:21 Stronghold
02:32 Orc Burrow
03:14 War Mill
03:51 Orc Burrow
04:50 Beastiary
05:05 Beastiary
05:59 Orc Burrow
06:25 Spirit Lodge
06:36 Spirit Lodge
07:37 Orc Burrow
09:13 Great Hall
09:38 Orc Burrow
10:44 Fortress
11:36 Great Hall
15:29 Orc Burrow
16:46 Orc Burrow
29:54 Orc Burrow
29:55 Orc Burrow
29:57 Orc Burrow
32:11 Orc Burrow
32:12 Orc Burrow
Chat log
(00:19 / All) Kvelertak: ASL everybody?
(00:25 / All) undersold: DSL
(00:31 / All) GingerBreadMan: 25/m/USA
(00:31 / All) Kvelertak: What is everyone wearing?
(00:40 / Allies) fireatme: what does it mean?
(00:41 / All) redarrows: thong
(00:44 / All) Lane06: gray boxers
(00:45 / All) redarrows: that is all
(00:48 / All) Kvelertak: It means age, sex, location pink
(00:54 / Allies) fireatme: okay
(01:30 / All) GingerBreadMan: I'm wearing a pink speedo and a usa flag shirt
(01:33 / All) GingerBreadMan: it's hot out there
(01:39 / All) GingerBreadMan: thanks for the question btw
(02:03 / All) Kvelertak: I like to know what everyone is in this game so I can cyber in private if they sound hot
(02:15 / All) GingerBreadMan: A good policy to have
(02:32 / All) Lane06: how many women do you think play wc3? honestly? 2-5% ?
(02:41 / All) redarrows: less
(02:45 / All) Kvelertak: I don't know but I hope they are horny and want to cyber
(02:45 / All) GingerBreadMan: who said he's searching for women?
(02:49 / All) ARON-HERNANZLOL: GOTHIC CHICKS DO BUT THEY ARE CALLED EMO NOW
(02:58 / All) GingerBreadMan: I'll chat with guys pretending to be women no problem
(03:01 / All) GingerBreadMan: I'm not a bigot
(03:04 / All) Kvelertak: I can only get off when playing WC3
(03:07 / All) Kvelertak: It's a paraphilia
(03:12 / All) undersold: as long as they can tell their ass from pussy its all good
(03:26 / All) Kvelertak: Do you know from experience?
(03:36 / All) undersold: just the young liars
(04:32 / All) ARON-HERNANZLOL: i require wood, wood for wc3 and wood irl
(06:33 / Allies) ARON-HERNANZLOL: middle?
(09:38 / Allies) ARON-HERNANZLOL: wood
(11:32 / Allies) Lane06: wood plz
(13:01 / Allies) Lane06: red u bastard
(13:17 / Allies) ARON-HERNANZLOL: u may have it
(13:31 / Allies) Lane06: bastard
(15:25 / Allies) Lane06: frostr
(15:31 / Allies) ARON-HERNANZLOL: wood
(15:35 / Allies) fireatme: thx
(16:17 / Allies) fireatme: can I take this mine?
(16:30 / Allies) Kvelertak: I was going to
(17:11 / Allies) Lane06: lots of air
(17:24 / Allies) Kvelertak: I said
(17:25 / Allies) Kvelertak: I am taking it
(18:31 / Allies) fireatme: i dont even have a second mine
(18:37 / Allies) fireatme: but that's ur third mine
(18:42 / Allies) Kvelertak: Could take that
(18:59 / Allies) fireatme: u selfish bastard
(20:14 / Allies) Lane06: lets attack
(20:15 / Allies) Lane06: im coming
(20:19 / Allies) fireatme: so blue
(20:25 / Allies) fireatme: can I have some gold from you?
(20:45 / Allies) Kvelertak: There you go
(20:50 / Allies) fireatme: hah
(21:02 / All) GingerBreadMan: almost didn't tp lawl
(21:03 / Allies) fireatme: u ahve 8206
(21:06 / All) GingerBreadMan: cuz i thought I already did
(21:38 / Allies) Lane06: back
(21:47 / Allies) fireatme: fk blue
(21:51 / Allies) Lane06: im coming
(21:57 / Allies) Lane06: blue ogld me plz
(22:00 / All) Kvelertak: Pink is a tker
(22:01 / Allies) Kvelertak: kill pink
(22:08 / Allies) Lane06: blue gold me
(22:08 / All) ARON-HERNANZLOL: LOL
(22:18 / Allies) Kvelertak: Help me kill pink
(22:21 / Allies) Kvelertak: and I will give you 5k
(22:38 / All) undersold: whod he tk?
(22:44 / All) Kvelertak: He tried killing my AM and expo
(22:45 / All) Kvelertak: failed both
(22:53 / Allies) fireatme: u have 3 mines
(22:57 / Allies) Kvelertak: So?
(23:00 / Allies) Kvelertak: Do I look like a bank to you?
(23:06 / Allies) Lane06: yes
(23:07 / Allies) Kvelertak: Take a loan elsewhere, chump
(23:50 / Allies) Lane06: fall back bro
(24:02 / All) ARON-HERNANZLOL: FALL BACK TO THE KEEP
(24:06 / All) GingerBreadMan: Hell of a time to be stuck without a tp scroll
(25:01 / All) ARON-HERNANZLOL: rapeeeee
(26:06 / Allies) Lane06: bank of blue
(26:14 / Allies) Kvelertak: I told you
(26:17 / Allies) Kvelertak: Kill pink and you get 5k
(26:31 / Allies) Kvelertak: You have to do a quest for me and earn your money
(26:34 / Allies) Kvelertak: He is a dangerous outlaw
(26:37 / Allies) Kvelertak: Slay him and claim your reward
(26:44 / Allies) fireatme: hah
(26:51 / Allies) fireatme: what a good teammate
(27:01 / Allies) Kvelertak: He didn't do my quest and so I'm not helping
(27:34 / Allies) Lane06: u guys are letting green farm me
(27:39 / Allies) Lane06: if i dont get help im done
(27:44 / Allies) Kvelertak: Maybe if you did more quests for me I'd help
(27:47 / All) ARON-HERNANZLOL: LOL
(27:54 / All) ARON-HERNANZLOL: "U GUYS ARE LETTING GREEN FARM ME"
(28:00 / All) Kvelertak: He won't do my quests
(28:05 / All) Kvelertak: He isn't very good at obeying his dungeon master
(28:16 / All) Kvelertak: I told him to kill pink for 5k but he refused then whined I wouldn't give him gold
(28:20 / All) Lane06: u guys are all fags
(28:46 / All) Kvelertak: At least I can put teal in food block hell
(29:41 / All) Kvelertak: Pink failing another tk and losing wyrms
(30:06 / All) Lane06: blue has 21k gold and is team killing, pretty shitty
(30:13 / Allies) Kvelertak: Help me red
(30:33 / Allies) Lane06: air
(32:15 / Allies) Lane06: damn they suck
(32:23 / All) Kvelertak: 2v3 and we won
(32:33 / Allies) Lane06: green is on crack
(32:38 / All) redarrows: kuz those faggot ass hawk riders
(32:47 / All) ARON-HERNANZLOL: LOL
(32:57 / All) Kvelertak: They are pretty easy to counter if you can play the game
(33:11 / All) Kvelertak: I'd say welcome to food block hell again but you probably have none since I killed it all anyway
(33:46 / All) redarrows: and red with that gay mortar shit
(34:44 / All) GingerBreadMan: why did he mass siege
(34:55 / All) ARON-HERNANZLOL: we have been mostly ignoring him lol
(35:06 / All) Kvelertak: soak up all the moonjuice
(38:31 / All) ARON-HERNANZLOL: i had some good heals that match at blues base, i used to be a pro idiot healer in wow
(40:52 / All) Lane06: woah wtf
(40:57 / All) ARON-HERNANZLOL: WTF
(41:01 / All) ARON-HERNANZLOL: whos doign that
(41:10 / All) Kvelertak: Red gave me shared control
(41:14 / All) Kvelertak: Good job
(41:16 / All) Kvelertak: Now I made us lose
(41:51 / All) ARON-HERNANZLOL: did cannnon tower get exp
(42:03 / All) Lane06: blue whatever did i do to you
(42:18 / All) Kvelertak: You refused my quests to slay the infidel and traitor pink
(42:23 / All) GingerBreadMan: standoff is basically complete on my side after my expo is dead and my army
(42:28 / All) Kvelertak: Not a very helpful comrade-in-arms
(42:28 / All) Lane06: i didnt even see you say that lol
(42:38 / All) Kvelertak: You asked for gold
(42:41 / All) Kvelertak: I offered 5k if you killed pink
(42:43 / All) Kvelertak: But you refused, alas
(42:58 / All) Lane06: because i was being killed and nobody was helping, and i never saw ur offer or said no lol
(43:09 / All) Kvelertak: I offered before that
(43:26 / All) Lane06: principle, well whatever im a millionaire in real life
(43:30 / All) Kvelertak: lawl
(43:30 / All) ARON-HERNANZLOL: LOL
(43:39 / 5) GingerBreadMan: hurry and kill his pally
(43:41 / All) Kvelertak: Do you have a yacht?
(43:46 / All) Lane06: sail boats
(44:39 / All) GingerBreadMan: lol raped
(44:40 / All) ARON-HERNANZLOL: THEY GOT ME PURP
(44:58 / All) ARON-HERNANZLOL: do u also have a hot wife purp
(45:00 / All) Lane06: bro you got 4k and your running peasants
(45:24 / All) Lane06: lol hot fiance who is a doctor
(45:34 / All) GingerBreadMan: what's her number
(45:37 / All) ARON-HERNANZLOL: u wont see her much cuz of her patientshto
(45:48 / All) Lane06: good
(45:59 / All) GingerBreadMan: can I have her # you don't deserve her
(46:08 / All) Lane06: haha no chance
(46:15 / All) GingerBreadMan: scared?
(46:36 / All) Lane06: your probably either in your parents basement or a cheap apartment. have fun with that
(46:43 / All) GingerBreadMan: I'll send her a pic of my penis and then it's all over, the wedding is off, she's coming home with me
(46:44 / All) toncolon: lol
(46:59 / All) Lane06: look up the word exburb
(47:04 / All) ARON-HERNANZLOL: exburg
(47:08 / All) ARON-HERNANZLOL: wat is that
(47:10 / All) GingerBreadMan: 6 inches of manly righteousness right here
(47:27 / All) Lane06: where the rich people live
(47:27 / All) Kvelertak: He probably has a 10 inch dick like everyone else on the internet though
(47:32 / All) toncolon: green u are virgin
(47:36 / All) ARON-HERNANZLOL: what state u live in
(47:55 / All) ARON-HERNANZLOL: dem items
(48:04 / All) Kvelertak: He probably lives in a flyover state and has a big house so he thinks he's rich because people in New York City don't
(48:12 / All) GingerBreadMan: Yes purple tried to focus my archmage
(49:01 / All) GingerBreadMan: How about I give you my number and you can give it to your girl and tell her to call me
(49:11 / All) Kvelertak: Give him the number and we'll give you the win
(49:13 / All) Kvelertak: Sound fair?
(49:27 / All) Lane06: you think i care about wins? lol
(49:38 / All) Kvelertak: Well you are 283-267 so it sure looks like it
(50:03 / All) Lane06: im out guys, hope you go out and be successful in life. and green never put the pussy on a pedestal
(50:19 / All) Kvelertak: You ruined our standoff, what a jerk
(50:33 / All) GingerBreadMan: nobody has a unit?
(50:40 / All) Kvelertak: I'm 0 food
(50:45 / All) GingerBreadMan: my items glitter so prettily
(50:59 / All) ARON-HERNANZLOL: yel earned the win
(51:05 / All) GingerBreadMan: Nah
(51:07 / All) Kvelertak: He's only 173-179 now anyway
(51:10 / All) GingerBreadMan: He's just lucky you guys told me to kill hero
(51:28 / All) GingerBreadMan: |my items were godtier
(51:43 / All) ARON-HERNANZLOL: i shall leave gonna look at chat